 Dungeon Crawl Stone Soup version 0.17-a0-2231-gd80ca38 (webtiles) character file.

64 Raultor the Conjurer (level 4, -14/27 HPs)
             Began as an Octopode Conjurer on Oct 29, 2015.
             Demolished by an ogre
             ... wielding a +0 giant spiked club
              (33 damage)
             ... on level 4 of the Dungeon.
             The game lasted 00:10:22 (2485 turns).

Raultor the Conjurer (Octopode Conjurer)            Turns: 2485, Time: 00:10:23

Health: -14/27     AC:  1    Str:  7    XL:     4   Next: 12%
Magic:  7/7        EV: 12    Int: 18    God:
Gold:   117        SH:  0    Dex: 12    Spells: 2 memorised, 4 levels left

rFire  . . .     SeeInvis .     r - +4 dagger
rCold  . . .     Clarity  .     (no shield)
rNeg   + . .     SustAt   .     (helmet restricted)
rPois  +         Gourm    .     k - amulet of warding
rElec  .         Spirit   .     i - ring of poison resistance
rCorr  .         Warding  +     (no ring)
rMut   .         Stasis   .     (no ring)
MR     .....                    (no ring)
Stlth  +++.......               (no ring)
                                (no ring)
                                (no ring)
                                (no ring)

@: not resistant to hostile enchantments, fairly stealthy
A: almost no armour, amphibious, 8 rings, constrict 8, camouflage 1, gelatinous
body 1
a: no special abilities


You were on level 4 of the Dungeon.
You were hungry.

You visited 1 branch of the dungeon, and saw 4 of its levels.

You collected 117 gold pieces.

Inventory:

Hand Weapons
 e - a +0 short sword
 r - a +4 dagger (weapon)
 x - a +0 quarterstaff
Missiles
 n - 21 poisoned needles
Jewellery
 i - a ring of poison resistance (left tentacle)
 k - an amulet of warding (around mantle)
 q - an uncursed ring of wizardry {unknown}
 v - an uncursed amulet of the gourmand {unknown}
Wands
 m - a wand of frost (27)
Scrolls
 d - a scroll of fear {unknown}
 f - a scroll of immolation
 g - a scroll of enchant armour {unknown}
 h - a scroll of remove curse {unknown}
 j - a scroll of amnesia {unknown}
 p - a scroll of identify {unknown}
 s - a scroll of teleportation {unknown}
 t - a scroll of magic mapping {unknown}
 u - a scroll of fog {unknown}
 w - a scroll of enchant weapon {unknown}
Potions
 c - 2 potions of brilliance {unknown}
 o - a potion of lignification {unknown}
Books
 a - a book of Conjurations

   Spells                             Type                      Level
   a - Magic Dart                     Conjuration                  1
   b - Searing Ray                    Conjuration                  2
   c - Dazzling Spray                 Conjuration/Hexes            3
   d - Fulminant Prism                Conjuration/Hexes            4
   e - Iskenderun's Mystic Blast      Conjuration                  4
   f - Iskenderun's Battlesphere      Conjuration/Charms           5
Comestibles
 b - 3 bread rations
 l - 2 meat rations


   Skills:
 + Level 2.2 Dodging
 - Level 2.6 Stealth
 + Level 2.2 Spellcasting
 + Level 5.2 Conjurations


You had 4 spell levels left.
You knew the following spells:

 Your Spells              Type           Power        Failure   Level  Hunger
a - Magic Dart            Conj           ###.         1%          1    #......
b - Searing Ray           Conj           ###...       3%          2    ##.....


Dungeon Overview and Level Annotations

Branches:
Dungeon (4/15)
 Temple: D:4-7

Altars:
Gozag
Ru

Annotations:
D:3 Noname's ghost, amateur MfSk


Innate Abilities, Weirdness & Mutations

You cannot wear most types of armour.
You are amphibious.
You can wear up to eight rings at the same time.
You can use your tentacles to constrict eight enemies at once.
Your skin changes colour to match your surroundings (Stealth).
Your rubbery body absorbs attacks (AC +1).


Message History

You constrict the worm. The worm bites you!
You hit the worm.
The worm is severely wounded.
You constrict the worm. You hit the worm. You squeeze the worm.
You kill the worm!
An ogre comes into view. It is wielding a giant spiked club.
You hit the ogre. You squeeze the ogre.
The ogre is lightly wounded.
The ogre barely misses you.
You hit the ogre.
The ogre is moderately wounded.
The ogre closely misses you.
You hit the ogre.
The ogre is heavily wounded.
You puncture the ogre!
The ogre is severely wounded.
The ogre hits you with a giant spiked club!!
Ouch! That really hurt!
You die...

##.#..###.#
.... #.#..#
.... #....#
.... ##...# #..
#...# #...
#...#
#=.$###...#
#.........###.#
##...@..>.....#
#.#O##...#### #
#. #...##### ..
#.......# ##.
#.#.###.# ..
#.....#.# ##
#...#.#.#
#.....#.#
#....##.#


You could see an ogre.

Vanquished Creatures
  An adder (D:2)
  A worm (D:4)
  An orc (D:3)
  A ball python (D:1)
  8 bats
  3 giant cockroaches
  4 hobgoblins
  2 jackals (D:3)
  2 giant geckos
  8 giant newts
  9 goblins
  5 kobolds
  A quokka (D:3)
  6 rats
52 creatures vanquished.

Notes
Turn   | Place    | Note
--------------------------------------------------------------
     0 | D:1      | Raultor the Octopode Conjurer began the quest for the Orb.
     0 | D:1      | Reached XP level 1. HP: 11/11 MP: 3/3
   359 | D:1      | Reached XP level 2. HP: 17/17 MP: 5/5
   479 | D:1      | Learned a level 2 spell: Searing Ray
  1088 | D:2      | Reached XP level 3. HP: 14/21 MP: 1/6
  1346 | D:2      | Found a sacrificial altar of Ru.
  1348 | D:2      | Found an opulent altar of Gozag.
  1707 | D:3      | Reached skill level 5 in Conjurations
  1713 | D:3      | Noticed Noname's ghost (amateur MfSk)
  2203 | D:3      | Reached XP level 4. HP: 25/27 MP: 5/7
  2480 | D:4      | Noticed an ogre
  2485 | D:4      | Demolished by an ogre

Vault maps used:
D:1:      dpeg_arrival_line_fractal
D:2:      grunt_temple_overflow_open, first_bread
D:3:      old_standard_altar, uniq_iyjb
D:4:      nicolae_dithmenos_the_darkroom

Action                   |  1- 3 |  4- 6 || total
-------------------------+-------+-------++-------
Melee: Short sword       |    28 |     8 ||    36
       Unarmed           |     2 |       ||     2
       Dagger            |       |     7 ||     7
 Cast: Magic Dart        |    54 |     6 ||    60
       Searing Ray       |     2 |       ||     2
  Use: Scroll            |       |     2 ||     2
 Stab: Sleeping          |     6 |     1 ||     7
  Eat: Chunk             |     5 |       ||     5
